 Dungeon Crawl Stone Soup version 0.31.0-11-ge490571c62 (webtiles) character file.

Game seed: 8999798256718665281

466 browni3141 the Chopper (level 6, -4/56 HPs)
             Began as a Minotaur Fighter on Jan 28, 2024.
             Slain by an ogre
             ... wielding a +0 giant club
              (24 damage)
             ... on level 5 of the Dungeon.
             The game lasted 00:01:57 (4085 turns).

browni3141 the Chopper (Minotaur Fighter)           Turns: 4085, Time: 00:01:57

Health: -4/56      AC: 13    Str: 22    XL:     6   Next: 81%
Magic:  5/5        EV:  6    Int:  5    God:
Gold:   251        SH:  5    Dex: 10    Spells: 5/5 levels left

rFire   . . .        a - +0 war axe
rCold   . . .        c - +0 buckler
rNeg    . . .        u - +0 plate armour
rPois   .            (helmet restricted)
rElec   .            (no cloak)
rCorr   .            i - +0 pair of gloves
SInv    .            (no boots)
Will    .....        (no amulet) Stlth
                     (no ring)
HPRegen 0.29/turn    (no ring)
MPRegen 0.09/turn

%: no passive effects
@: no status effects
A: horns 2, retaliatory headbutt
a: no special abilities


You were on level 5 of the Dungeon.
You visited 1 branch of the dungeon, and saw 5 of its levels.

You collected 251 gold pieces.

Inventory:

Hand Weapons
 a - a +0 war axe (weapon)
Missiles
 j - 6 silver javelins (quivered)
Armour
 b - a +0 scale mail
 c - a +0 buckler (worn)
 i - a +0 pair of gloves (worn)
 t - a +1 ring mail of willpower
 u - a +0 plate armour (worn)
Jewellery
 n - a +6 ring of strength
 o - an amulet of magic regeneration
 s - a +6 ring of strength
Wands
 p - a wand of paralysis (13)
Scrolls
 f - a scroll of fear {unknown}
 h - 3 scrolls of identify {unknown}
 m - 2 scrolls of enchant armour {unknown}
Potions
 d - 4 potions of might
 e - 2 potions of invisibility {unknown}
 g - a potion of brilliance {unknown}
 k - a potion of enlightenment {unknown}
 l - 4 potions of attraction {unknown}
 q - 2 potions of heal wounds {unknown}
 r - 2 potions of magic {unknown}


   Skills:
 + Level 5.2 Fighting
 * Level 6.0 Axes
 + Level 5.2 Armour
 + Level 5.2 Shields


You had 5 spell levels left.
You didn't know any spells.
Your spell library contained the following spells:

 Spells                   Type           Power      Damage    Failure   Level
 Foxfire                  Conj/Fire      0%         2x1d4     100%        1
 Call Canine Familiar     Summ           0%         N/A       100%        3
 Sigil of Binding         Hex            0%         N/A       100%        3
 Dimensional Bullseye     Hex/Tloc       0%         N/A       100%        4
 Plasma Beam              Fire/Air       0%         2x1d10    100%        6
 Starburst                Conj/Fire      0%         6d3       100%        6


Dungeon Overview and Level Annotations

Branches:
Dungeon (5/15)
 Temple: D:4-7

Altars:
Cheibriados
Gozag
Vehumet


Innate Abilities, Weirdness & Mutations

You have a pair of horns on your head.
You reflexively headbutt those who attack you in melee.


Message History

You hit the hobgoblin.
The hobgoblin is moderately wounded.
The hobgoblin hits you with a +0 club.
You slash the hobgoblin!
You kill the hobgoblin!
You slash the goblin!
You kill the goblin!
The gnoll barely misses you. You furiously retaliate!
You headbutt the gnoll. You slash the gnoll!
You kill the gnoll!
You hit the hobgoblin but do no damage. You headbutt the hobgoblin.
The hobgoblin is heavily wounded.
You block the hobgoblin's attack.
You barely miss the hobgoblin.
The hobgoblin is heavily wounded.
The hobgoblin barely misses you. You furiously retaliate!
You headbutt the hobgoblin. You slash the hobgoblin!
You kill the hobgoblin!
There is an open door here.
Items here: )))))) ††.
No target in view!
Key pressed, stopping explore.
No target in view!
There is an open door here.
Items here: )))))) ††.
Key pressed, stopping explore.
No target in view!
Key pressed, stopping explore.
No target in view!
Things that are here:
a +0 sling; a goblin corpse
Things that are here:
a +0 club; a +0 spear
There is an open door here.
There is a large open door here.
You enter the shallow water.
Moving in this stuff is going to be slow.
Key pressed, stopping explore.
You enter the shallow water.
Moving in this stuff is going to be slow.
You see here a +0 dagger.
You see here a +0 sling.
You see here a +0 sling.
You see here a +0 short sword.
You enter the shallow water.
Moving in this stuff is going to be slow.
Key pressed, stopping explore.
Partly explored, can't reach some places.
Partly explored, can't reach some places.
Partly explored, can't reach some places.
No target in view!
Search for what [Enter for "aRMO", or ? for help]? armo You see here a +0 short sword.
You see here a +0 sling.
You see here a +0 sling.
You see here a +0 dagger.
You see here a +0 plate armour.
You start removing your armour.
You continue taking off your +1 ring mail of willpower. x4
You finish taking off your +1 ring mail of willpower.
You feel less strong-willed.
You start putting on your armour.
You continue putting on your +0 plate armour. x5
You finish putting on your +0 plate armour.
There is a stone staircase leading down here.
You climb downwards.
There is a stone staircase leading up here.
You see here the +3 leather armour of Divine Compulsion {Rampage Dex+2}.
You open the door.
There is an open door here.
An adder comes into view.
The adder hisses angrily.
An ogre comes into view. It is wielding a +0 giant club.
There are monsters nearby!
Found a radiant altar of Vehumet.
The ogre shouts!
An ogre opens the door.
There are monsters nearby!
You closely miss the adder. You hit the plant but do no damage.
The adder bites you. The adder bites you but does no damage.
You hit the adder. Your headbutt misses the adder.
The adder is moderately wounded.
You slash the plant!
The plant begins to die.
The adder bites you but does no damage.
You hit the adder. You headbutt the adder.
You kill the adder!
You hit the plant.
Your Axes skill increases to level 6!
You slash the ogre!
The ogre is moderately wounded.
You hit the plant. The ogre hits you with a +0 giant club!
You hit the ogre. You headbutt the ogre.
The ogre is heavily wounded.
You slash the plant!
A nearby plant withers and dies.
The ogre hits you with a +0 giant club!!
You slash the ogre!
The ogre is severely wounded.
The ogre hits you with a +0 giant club!!
You die...

#.......#
##.<.....# . #
#........# .. #.
#........# ...#.#
#......[.#
...'..####........#
..................#
.P..PPO.###.......#
.PP..P.@.....#'####
.PP..P...#####.#
..P..PP........#
..PP..PP..######
[..PP..P..#
._.PP..P..#
...PP..P..#
..PP..PP..#
.PP..P...#


You could see an ogre.

Vanquished Creatures
  A phantom (D:4)
  A hound (D:4)
  Ijyb (D:3)
  Robin (D:3)
  8 gnolls
  5 adders
  A ribbon worm (D:2)
  A dart slug (D:1)
  6 orcs (D:3)
  8 ball pythons
  7 bats
  6 endoplasms
  3 giant cockroaches (D:4)
  46 goblins
  35 hobgoblins
  6 jackals (D:4)
  11 quokkas
  3 frilled lizards (D:1)
  13 kobolds
  6 rats
169 creatures vanquished.

Notes
Turn   | Place    | Note
-------+----------+-------------------------------------------
     0 | D:1      | browni3141 the Minotaur Fighter began the quest for the
                  | Orb.
     0 | D:1      | Reached XP level 1. HP: 19/19 MP: 0/0
   166 | D:1      | Reached XP level 2. HP: 27/27 MP: 1/1
   289 | D:1      | Reached skill level 3 in Axes
   560 | D:1      | Reached XP level 3. HP: 33/33 MP: 2/2
  1782 | D:3      | Noticed Ijyb
  1787 | D:3      | Killed Ijyb
  1788 | D:3      | Reached skill level 4 in Axes
  1788 | D:3      | Reached XP level 4. HP: 40/40 MP: 3/3
  1794 | D:3      | Noticed Robin
  1796 | D:3      | Found a faded altar of an unknown god.
  1811 | D:3      | Killed Robin
  2195 | D:3      | Reached XP level 5. HP: 39/47 MP: 4/4
  2230 | D:3      | Found an opulent altar of Gozag.
  2771 | D:4      | Noticed a phantom
  2780 | D:4      | Killed a phantom
  2781 | D:4      | Reached skill level 5 in Axes
  2811 | D:4      | Reached XP level 6. HP: 37/55 MP: 5/5
  3068 | D:4      | Reached skill level 5 in Fighting
  3178 | D:4      | Reached skill level 5 in Shields
  3294 | D:4      | Found a snail-covered altar of Cheibriados.
  3374 | D:4      | Reached skill level 5 in Armour
  4059 | D:5      | Entered Level 5 of the Dungeon
  4063 | D:5      | Identified the +3 leather armour of Divine Compulsion
                  | {Rampage Dex+2}
  4078 | D:5      | Found a radiant altar of Vehumet.
  4083 | D:5      | Reached skill level 6 in Axes
  4085 | D:5      | Slain by an ogre

Illustrated notes

Levels and vault maps discovered:
D:1:      onia_arrival_mini_maze_b, layout_basic, dk_noncrumbling_3
D:2:      layout_loops_cross, kennysheep_cross_bottleneck
D:3:      layout_basic, mainiacjoe_overflow_alcove_1,
          ebering_ecumenical_altar_mist, patterned_corridor, uniq_robin,
          uniq_ijyb
D:4:      minmay_goblin_kobold_castle, layout_layer_cave, kennysheep_mini,
          gup_sewer_entry_pipe, serial_glass, glass_columns_a, glass_columns_b
D:5:      layout_basic, minitemple, grunt_dithmenos_smoke_and_mirrors,
          mainiacjoe_overflow_catch_the_wave, small_statue_intersection,
          feat_on_display

Skill      XL: |  1  2  3  4  5  6 |
---------------+-------------------+-----
Axes           | 3 4 5 6 |  6.0
Shields        | 4 5 |  5.2
Armour         | 4 5 |  5.2
Fighting       | 4 5 |  5.2

Action                     |  1- 3 |  4- 6 || total
---------------------------+-------+-------++-------
  Melee: War axe           |    72 |   208 ||   280
         Headbutt          |     6 |    23 ||    29
    Use: Potion            |       |     1 ||     1
 Armour: Scale mail        |    47 |   118 ||   165
         Ring mail         |       |    56 ||    56
         Plate armour      |       |     6 ||     6
  Dodge: Dodged            |    31 |   113 ||   144
  Block: Buckler           |    14 |    55 ||    69
